 Dungeon Crawl Stone Soup version 0.30-a0-310-g7d6cbdfea6 (webtiles) character file.

Game seed: 10643092050509012055

305 koil the Sneak (level 6, -2/32 HPs)
             Began as a Spriggan Brigand on Oct 24, 2022.
             Killed from afar by an orc wizard (7 damage)
             ... with a magic dart
             ... on level 4 of the Dungeon.
             The game lasted 00:06:49 (2260 turns).

koil the Sneak (Spriggan Brigand)                   Turns: 2260, Time: 00:06:49

Health: -2/32      AC:  3    Str: 13    XL:     6   Next: 16%
Magic:  11/11      EV: 18    Int: 20    God:
Gold:   27         SH:  0    Dex: 17    Spells: 8/11 levels left

rFire   . . .      SeeInvis +    a - +2 dagger
rCold   . . .      Faith    .    (no shield)
rNeg    . . .      Spirit   .    b - +0 robe
rPois   .          Reflect  .    (helmet restricted)
rElec   .          Harm     .    c - +0 cloak
rCorr   .          Rampage  .    (gloves unavailable)
Will    +....                    (boots unavailable)
Stlth   ++++......               (no amulet)
HPRegen 0.25/turn                q - +6 ring of intelligence
MPRegen 0.12/turn                v - +6 ring of strength

@: very quick
A: very small, no large weapons, unfitting armour, see invisible, speed 3
a: no special abilities


You were on level 4 of the Dungeon.
You visited 1 branch of the dungeon, and saw 4 of its levels.
You also visited: Sewer.

You collected 247 gold pieces.
You spent 220 gold pieces at shops.

Inventory:

Hand Weapons
 a - a +2 dagger (weapon)
 d - a +0 scythe
Missiles
 e - 2 curare-tipped darts (quivered)
 l - 4 atropa-tipped darts
 p - 13 poisoned darts
Armour
 b - a +0 robe (worn)
 c - a +0 cloak (worn)
 o - a +0 robe
Jewellery
 q - a +6 ring of intelligence (left hand)
 v - a +6 ring of strength (right hand)
 w - a ring of flight
Scrolls
 g - a scroll of immolation
 h - 2 scrolls of identify {unknown}
 i - 2 scrolls of vulnerability {unknown}
 m - 3 scrolls of enchant weapon {unknown}
 s - a scroll of silence {unknown}
 t - a scroll of fog {unknown}
 u - a scroll of poison {unknown}
 y - a scroll of amnesia {unknown}
 z - a scroll of fear {unknown}
 B - a scroll of teleportation {unknown}
Potions
 f - a potion of might {unknown}
 j - 4 potions of curing
 k - 3 potions of heal wounds {unknown}
 n - a potion of brilliance {unknown}
 r - a potion of cancellation {unknown}
 x - a potion of flight {unknown}
 A - a potion of degeneration {unknown}
 C - a potion of resistance {unknown}
 D - a potion of mutation {unknown}


   Skills:
 + Level 2.8 Fighting
 + Level 3.6 Short Blades
 - Level 2.0 Throwing
 + Level 3.7 Dodging
 + Level 7.3 Stealth
 + Level 3.0 Spellcasting
 + Level 0.3 Hexes


You had 8 spell levels left.
You knew the following spells:

 Your Spells              Type           Power      Damage    Failure   Level
a - Confusing Touch       Hex            4%         N/A       36%         3

Your spell library contained the following spells:

 Spells                   Type           Power      Damage    Failure   Level
 Kiss of Death            Conj/Necr      12%        2d6       14%         1
 Dispel Undead            Necr           3%         3d7       80%         4


Dungeon Overview and Level Annotations

Branches:
Dungeon (4/15)              Sewer (visited)
 Temple: D:4-7

Altars:
Qazlal
Xom
Zin
The Shining One

Shops:
D:3 :


Innate Abilities, Weirdness & Mutations

You are very small and have problems with some larger weapons.
You are too small for most types of armour.
You have supernaturally acute eyesight. (SInv)
You cover ground extremely quickly. (Speed+++)


Message History

You closely miss the orc wizard.
The orc wizard is moderately wounded.
The orc wizard hits you but does no damage.
You hit the orc wizard.
The orc wizard is moderately wounded.
The orc wizard hits you but does no damage.
You hit the orc wizard but do no damage.
The orc wizard is moderately wounded.
The orc wizard hits you with a +0 dagger.
You hit the orc wizard but do no damage.
The orc wizard is moderately wounded.
An orc comes into view. It is wielding a +0 dagger.
The orc wizard barely misses you.
You barely miss the orc wizard.
The orc wizard is moderately wounded.
The orc wizard hits you with a +0 dagger.
The orc shouts!
You hit the orc wizard.
The orc wizard is severely wounded.
You hit the orc wizard but do no damage.
The orc wizard is severely wounded.
The orc wizard points at you and mumbles some strange words.
The magic dart hits you.
You miss the orc wizard.
The orc wizard is severely wounded.
The orc wizard hits you with a +0 dagger.
You hit the orc wizard.
The orc wizard is severely wounded.
The orc misses you.
The orc wizard gestures at you while chanting.
The puff of flame hits you!
* * * LOW HITPOINT WARNING * * *
You hit the orc wizard.
The orc wizard is severely wounded.
The orc closely misses you. The orc wizard misses you.
An orc comes into view. It is wielding a +0 flail.
You closely miss the orc. The orc hits you but does no damage.
The orc wizard gestures at you while chanting.
The magic dart hits you!
You die...

##....... ... +..##.##.
... #...#.#.. #.. ..#..
#.....# ###.#
#.#...##...## ...#
#.#......_... .o#
#.#.<.##...## #o#
#.#...#.....# #@#
#.#.....#.#.. #o#
#.#....##.##. .
#.####.#..........
#..#......#..........
..........########..###
####................#..
#######.########...#
#.### ##.### #...##
#..#


You could see an orc wizard and 2 orcs.

Vanquished Creatures
  Sigmund (D:2)
  A jelly (D:4)
  A hell rat (Sewer)
  A river rat (Sewer)
  An adder (D:3)
  A worm (D:3)
  A dart slug (D:4)
  4 orcs (D:4)
  6 ball pythons
  3 bats
  5 endoplasms
  4 giant cockroaches (D:3)
  6 goblins
  8 hobgoblins
  3 jackals (D:2)
  2 quokkas
  3 frilled lizards
  4 kobolds
  9 rats
64 creatures vanquished.

Notes
Turn   | Place    | Note
-------+----------+-------------------------------------------
     0 | D:1      | koil the Spriggan Brigand began the quest for the Orb.
     0 | D:1      | Reached XP level 1. HP: 10/10 MP: 2/2
    59 | D:1      | Found a faded altar of an unknown god.
   708 | D:2      | Reached skill level 6 in Stealth
   735 | D:2      | Reached XP level 2. HP: 15/15 MP: 2/4
   843 | D:2      | Reached skill level 1 in Spellcasting
  1021 | D:2      | Noticed Sigmund
  1044 | D:2      | Killed Sigmund
  1045 | D:2      | Reached XP level 3. HP: 15/19 MP: 4/7
  1045 | D:2      | Reached XP level 4. HP: 19/23 MP: 4/8
  1045 | D:2      | Reached XP level 5. HP: 22/27 MP: 4/9
  1311 | D:3      | Found a glowing drain.
  1381 | Sewer    | Entered a sewer
  1390 | Sewer    | Reached skill level 7 in Stealth
  1800 | D:3      | Found a glowing golden altar of the Shining One.
  1805 | D:3      | Found a shimmering altar of Xom.
  2075 | D:3      | Found Paellych's Book Emporium.
  2082 | D:3      | Bought a book of Touch for 220 gold pieces
  2086 | D:3      | Learned a level 3 spell: Confusing Touch
  2117 | D:4      | Found a stormy altar of Qazlal.
  2132 | D:4      | Found a glowing silver altar of Zin.
  2188 | D:4      | Reached XP level 6. HP: 32/32 MP: 11/11
  2260 | D:4      | Killed from afar by an orc wizard

Illustrated notes

Levels and vault maps discovered:
D:1:      roderic_crossed_star, layout_basic, hellmonk_ecumenical_altar_blasted,
          grunt_decor_mini_mirrors
D:2:      layout_rooms, uniq_sigmund
D:3:      layout_rooms, mainiacjoe_overflow_catwalk_spiral, serial_shops,
          shop_fountains, portal_sewer_entry_c, grunt_ministairs_2,
          chequers_jeans
D:4:      layout_basic, mainiacjoe_overflow_small_starburst, grunt_qazlal_clouds

Skill      XL: |  1  2  3  4  5  6 |
---------------+-------------------+-----
Stealth        | 6 7 |  7.3
Spellcasting   | 2 3 |  3.0
Dodging        | 3 |  3.7
Fighting       | 2 |  2.8
Short Blades   | 3 |  3.6
Throwing       | |  2.0
Hexes          | |  0.3

Action                   |  1- 3 |  4- 6 || total
-------------------------+-------+-------++-------
Melee: Dagger            |    51 |   200 ||   251
       Punch             |     1 |     2 ||     3
Throw: Dart              |    10 |       ||    10
 Stab: Sleeping          |     7 |     9 ||    16
       Distracted        |     1 |       ||     1
Armor: Robe              |     8 |    14 ||    22
Dodge: Dodged            |    24 |   104 ||   128

Table legend: (Time is in decaauts)
 A = Elapsed time spent in this place.
 B = Non-inter-level travel time spent in this place.
 C = Inter-level travel time spent in this place.
 D = Time resting spent in this place.
 E = Time spent auto-exploring this place.
 F = Levels seen in this place.
 G = Mean time per level.
                   A        B        C        D        E       F      G
               +--------+--------+--------+--------+--------+-----+--------+
         Total |   1595 |   1545 |     50 |     78 |    945 |   5 |  319.0 |
       Dungeon |   1379 |   1329 |     50 |     37 |    899 |   4 |  344.8 |
         Sewer |    216 |    216 |      0 |     41 |     46 |   1 |  216.0 |
               +--------+--------+--------+--------+--------+-----+--------+

Top non-repeatable levels by time:
     D:1: 446 daAuts
     D:3: 411 daAuts
     D:2: 409 daAuts
   Sewer: 216 daAuts
     D:4: 112 daAuts
